 Dungeon Crawl Stone Soup version 0.22.1-6-g1668fe2c40 (webtiles) character file.

203 Kohma the Ruffian (level 5, -8/54 HPs)
             Began as a Troll Monk on Jan 22, 2019.
             Mangled by an ogre
             ... wielding a +0 giant club
              (18 damage)
             ... on level 5 of the Dungeon.
             The game lasted 00:09:19 (2813 turns).

Kohma the Ruffian (Troll Monk)                      Turns: 2813, Time: 00:09:19

Health: -8/54      AC:  7    Str: 19    XL:     5   Next: 51%
Magic:  4/4        EV: 15    Int:  6    God:
Gold:   95         SH:  0    Dex: 13    Spells: 4/4 levels left

rFire    . . .     SeeInvis .     - Unarmed
rCold    . . .     Gourm    +   (no shield)
rNeg     . . .     Faith    .   j - +2 animal skin
rPois    .         Spirit   .   (helmet restricted)
rElec    .         Reflect  .   (no cloak)
rCorr    .         Harm     .   (gloves unavailable)
MR       .....                  (boots unavailable)
Stlth    ++........             (no amulet)
HPRegen  0.58/turn              m - +5 ring of evasion
MPRegen  0.09/turn              (no ring)

@: no status effects
A: large, unfitting armour, claws 3, fast metabolism 3, gourmand, regeneration
1, shaggy fur 1, tough skin 2
a: no special abilities


You were on level 5 of the Dungeon.
You were completely stuffed.

You visited 1 branch of the dungeon, and saw 5 of its levels.

You collected 304 gold pieces.
You spent 209 gold pieces at shops.

Inventory:

Hand Weapons
 b - a +1 hunting sling
Missiles
 c - 131 stones
 h - 5 javelins (quivered)
Armour
 a - a +0 robe
 j - a +2 animal skin (worn)
Jewellery
 m - a +5 ring of evasion (left claw)
Scrolls
 f - a scroll of amnesia {unknown}
 g - a scroll of immolation {unknown}
 o - a scroll of summoning {unknown}
 q - a scroll of teleportation {unknown}
Potions
 d - 2 potions of heal wounds
 e - 2 potions of flight {unknown}
 i - 4 potions of curing
 k - a potion of might {unknown}
 n - 3 potions of mutation {unknown}
 r - a potion of ambrosia {unknown}
Comestibles
 l - 2 chunks of flesh
 p - 13 rations


   Skills:
 + Level 4.0 Fighting
 - Level 2.4 Dodging
 - Level 1.0 Stealth
 + Level 4.9 Unarmed Combat


You had 4 spell levels left.
You didn't know any spells.
Your spell library was empty.

Dungeon Overview and Level Annotations

Branches:
Dungeon (5/15)
 Temple: D:4-7

Altars:
Cheibriados
Qazlal

Shops:
D:4 !

Annotations:
D:3 1 runed door, bananovenc's ghost, amateur GrFi


Innate Abilities, Weirdness & Mutations

You are too large for most types of armour.
You have claws for hands.
Your metabolism is lightning-fast.
You like to eat raw meat.
Your natural rate of healing is unusually fast.
You are covered in fur. (AC +1)
You have very tough skin. (AC +2)


Message History

You feel much better. Something hits you but does no damage.
You barely miss the ogre.
The ogre is heavily wounded.
The ogre completely misses you. Something hits you. Something shocks you.
You barely miss the ogre.
The ogre is heavily wounded.
The ogre completely misses you. Something hits you. Something shocks you.
You scratch the ogre.
The ogre is heavily wounded.
You claw the ogre!
The ogre is almost dead.
Something hits you but does no damage. The ogre hits you but does no damage.
You barely miss the ogre.
The ogre is almost dead.
Something hits you. Something shocks you. The ogre hits you with a giant club!
* * * LOW HITPOINT WARNING * * *
You scratch the ogre.
The ogre is almost dead.
Something barely misses you. The ogre hits you with a giant club!!
You die...

#......... #........
#.......# ##+##.......#
............#
........<...#
.......O....#####
......{@...>.....
#####+###...#####+######
#...##.......#..
+....'.......#..
#....#.......+..
#....#.......#..
#....#[......#..
######.......##'
...######....


You could see an ogre.

Vanquished Creatures
  2 orc wizards (D:4)
  Robin (D:2)
  4 adders
  A worm (D:2)
  A dart slug (D:1)
  3 leopard geckos
  6 orcs
  2 giant cockroaches
  12 goblins
  10 hobgoblins
  13 jackals
  3 quokkas
  2 ball pythons (D:1)
  4 bats
  5 frilled lizards
  6 kobolds
  6 rats
81 creatures vanquished.

Notes
Turn   | Place    | Note
-------+----------+-------------------------------------------
     0 | D:1      | Kohma the Troll Monk began the quest for the Orb.
     0 | D:1      | Reached XP level 1. HP: 22/22 MP: 0/0
    67 | D:1      | Reached XP level 2. HP: 23/29 MP: 1/1
   187 | D:1      | Found a snail-covered altar of Cheibriados.
   582 | D:1      | Reached XP level 3. HP: 25/37 MP: 2/2
   821 | D:2      | Noticed Robin
   832 | D:2      | Killed Robin
   852 | D:2      | Reached XP level 4. HP: 17/45 MP: 3/3
  1745 | D:3      | Found a stormy altar of Qazlal.
  1745 | D:3      | Found a runed door.
  1755 | D:3      | Noticed bananovenc's ghost (amateur GrFi)
  2163 | D:4      | Found Zaevvug's Distillery.
  2168 | D:4      | Bought a potion of curing for 33 gold pieces
  2168 | D:4      | Bought a potion of heal wounds for 55 gold pieces
  2168 | D:4      | Bought a potion of curing for 33 gold pieces
  2168 | D:4      | Bought a potion of heal wounds for 55 gold pieces
  2168 | D:4      | Bought a potion of curing for 33 gold pieces
  2298 | D:4      | Reached XP level 5. HP: 33/54 MP: 4/4
  2746 | D:5      | Entered Level 5 of the Dungeon
  2794 | D:5      | Noticed a sky beast
  2795 | D:5      | Noticed an ogre
  2813 | D:5      | Mangled by an ogre

Skill      XL: |  1  2  3  4  5 |
---------------+----------------+-----
Fighting       | 3 4 |  4.0
Unarmed Combat | 4 |  4.9
Dodging        | |  2.4
Stealth        | |  1.0

Action                   |  1- 3 |  4- 6 || total
-------------------------+-------+-------++-------
Melee: Unarmed           |    85 |   136 ||   221
       Punch             |     1 |     1 ||     2
 Fire: Hunting sling     |       |     3 ||     3
  Use: Scroll            |       |     6 ||     6
       Potion            |       |     1 ||     1
 Stab: Sleeping          |     2 |     2 ||     4
  Eat: Chunk             |    13 |    18 ||    31
Armor: Robe              |    19 |       ||    19
       Animal skin       |       |    48 ||    48
Dodge: Dodged            |    43 |    83 ||   126
